 Dungeon Crawl Stone Soup version 0.31-a0-1570-g93c622d222 (webtiles) character file.

Game seed: 12813726853219433403

122 MackTheKnife the Trooper (level 4, -3/42 HPs)
             Began as a Minotaur Berserker on Jan 3, 2024.
             Was a Follower of Trog.
             Slain by an iguana (5 damage)
             ... on level 4 of the Dungeon.
             The game lasted 00:01:29 (579 turns).

MackTheKnife the Trooper (Minotaur Berserker)        Turns: 579, Time: 00:01:30

Health: -3/42      AC:  8    Str: 21    XL:     4   Next: 78%
Magic:  3/3        EV:  8    Int:  4    God:    Trog [*.....]
Gold:   7          SH:  0    Dex: 12    Spells: 3/3 levels left

rFire   . . .        a - +0 hand axe {axe}
rCold   . . .        (no shield)
rNeg    . . .        b - +0 chain mail
rPois   .            (helmet restricted)
rElec   .            (no cloak)
rCorr   .            (no gloves)
SInv    .            (no boots)
Will    .....        (no amulet) Stlth
                     (no ring)
HPRegen 0.27/turn    (no ring)
MPRegen 0.08/turn

%: no passive effects
@: no status effects
A: horns 2, retaliatory headbutt
a: Renounce Religion, Berserk


You were on level 4 of the Dungeon.
You worshipped Trog.
Trog was aware of your devotion.
You visited 1 branch of the dungeon, and saw 4 of its levels.

You collected 7 gold pieces.


Innate Abilities, Weirdness & Mutations

You have a pair of horns on your head.
You reflexively headbutt those who attack you in melee.


   Skills:
 + Level 5.4 Fighting
 + Level 5.4 Axes
 - Level 2.4 Armour
 - Level 2.1 Dodging


You had 3 spell levels left.
You didn't know any spells.
Your spell library was empty.

Inventory:

Hand Weapons
 a - a +0 hand axe (weapon) {axe}
Armour
 b - a +0 chain mail (worn)
   (You found it on level 1 of the Dungeon)
Jewellery
 d - a ring of see invisible
   (You found it on level 4 of the Dungeon)
Scrolls
 f - a scroll of identify {unknown}
Potions
 c - a potion of enlightenment {unknown}
 e - a potion of heal wounds {unknown}

Dungeon Overview and Level Annotations

Branches:
Dungeon (4/15) Zot: 23402
 Temple: D:4-7

Altars:

#.###.#....#
#..........# #...#
.# ###...#..#
#######........#
..#.......#<†###.#
...:....K.##.# #
.......l..##l#
......!...##@#
..........##.#
....#+######.#
.... #.. ... ####
..


You could see an iguana.


Message History

There is a stone staircase leading down here.
The orc priest looks encouraged for a moment.
The orc shouts!
You climb downwards.
There is a stone staircase leading up here.
Unknown command.
Throw: 2 darts (poison) {throwing}
Press: ? - help, Q - select action Shift-Dir - straight line, f - jelly
Aim: a jelly (88% to hit)
You throw a poisoned dart {throwing}.
The poisoned dart {throwing} barely misses the jelly. 😮 HP[+1] Throw: dart (poison) {throwing}
Press: ? - help, Q - select action Shift-Dir - straight line, f/p - jelly
Aim: a jelly (88% to hit)
You throw a poisoned dart {throwing}.
The poisoned dart {throwing} hits the jelly.
Unknown command.
Unknown command. 😮 HP[+1]
You hit the jelly.
Your hands burn!
You headbutt the jelly.
The jelly hits you but does no damage. 😮 HP[-4]
You take 4 damage, and now have 20/35 hp.
You hit the jelly.
Your hands burn!
* * * LOW HITPOINT WARNING * * *
You headbutt the jelly, but do no damage.
The jelly hits you but does no damage. 😮 HP[-2]
You take 2 damage, and now have 18/35 hp.
You hit the jelly.
Your hands burn!
* * * LOW HITPOINT WARNING * * *
You headbutt the jelly.
You kill the jelly!
Trog accepts your kill.
Your Fighting skill increases to level 5!
Your Axes skill increases to level 5!
You have reached level 4!
You feel agile. 😨 HP[-1] MP[+1]
You now have 42 max hp (+7).
Your mp is fully restored (3).
A hound comes into view.
The hound barks! 😨 HP[+1]
You hit the hound.
The hound bites you but does no damage. 😨 HP[+1]
You hit the hound. Your headbutt misses the hound.
The hound bites you but does no damage. The hound barely misses you.
You miss the hound. The hound barely misses you.
You closely miss the hound. The hound closely misses you.
The hound bites you but does no damage. 😨 HP[+1]
You closely miss the hound. The hound completely misses you.
The hound bites you.
* * * LOW HITPOINT WARNING * * *
😨 HP[-4]
You take 4 damage, and now have 16/42 hp.
You closely miss the hound. Your headbutt misses the hound.
The hound barely misses you.
You barely miss the hound. The hound bites you but does no damage.
The hound misses you.
You barely miss the hound.
The hound bites you but does no damage. 😨 HP[+1]
You hit the hound. You headbutt the hound.
You kill the hound!
Trog accepts your kill.
You see here a hound corpse. 😨 HP[+1]
A kobold comes into view. It is wielding a +0 short sword.
The kobold shouts!
An iguana comes into view. 😨 HP[+1]
The iguana hisses angrily.
You see here a ring of see invisible.
d - a ring of see invisible 😨 HP[+1]
You see here a hound corpse. 😨 HP[+1] 😮 HP[+1]
You hit the kobold.
You kill the kobold!
Trog accepts your kill. The iguana closely misses you.
You see here a +0 short sword {short}.
You slash the iguana! The iguana bites you!
* * * LOW HITPOINT WARNING * * *
😨 HP[-7]
You take 7 damage, and now have 15/42 hp.
You barely miss the iguana. The iguana closely misses you.
You hit the iguana but do no damage. The iguana bites you.
* * * LOW HITPOINT WARNING * * *
😨 HP[-2]
You take 2 damage, and now have 13/42 hp.
You hit the iguana but do no damage. The iguana bites you!
* * * LOW HITPOINT WARNING * * *
😱 HP[-11]
You take 11 damage, and now have 2/42 hp.
MASSIVE DAMAGE!! (PAUSE)
You barely miss the iguana. The iguana bites you.
You die...

Skill      XL: |  1  2  3 |
---------------+----------+-----
Fighting       | 4 5 |  5.4
Axes           | 4 5 |  5.4
Armour         | |  2.4
Dodging        | |  2.1

Action                     |  1- 3 |  4- 6 || total
---------------------------+-------+-------++-------
  Melee: Hand axe          |    29 |    15 ||    44
         Headbutt          |    10 |     1 ||    11
  Throw: Dart              |     2 |       ||     2
 Invoke: Berserk           |     1 |       ||     1
 Armour: Leather armour    |     3 |       ||     3
         Chain mail        |    19 |    10 ||    29
  Dodge: Dodged            |    13 |     8 ||    21

Levels and vault maps discovered:
D:1:      kilobyte_arrival_exit_the_forest, layout_rooms,
          ebering_ecumenical_altar_webs, minmay_pentomino_u2
D:2:      layout_basic, serial_curves, eino_curves_01, eino_curves_04,
          chequers_serial_rivers_room_b, minmay_pentomino_pile, uniq_jessica
D:3:      layout_rooms, serial_shops, shop, serial_co_window_serial,
          co_window_of_opportunity_a, co_window_corner_a, co_window_paths_a,
          co_window_of_opportunity_a, co_window_of_opportunity_a,
          co_window_unsneaky_path_e, co_window_broadway_a, co_window_paths_c,
          co_window_corner_b, co_window_corner_b, co_window_corner_cb,
          co_window_broadway_a, co_window_4corner_b, co_window_paths_e,
          glass_columns_c, glass_columns_b, glass_columns_c, glass_columns_a,
          uniq_robin, uniq_grinder
D:4:      layout_basic, dk_yredelemnul_ordeal, nicolae_overflow_hidden_temple,
          minmay_door_square, serial_bayou_lagoon_a

Notes
Turn   | Place    | Note
-------+----------+-------------------------------------------
     0 | D:1      | MackTheKnife the Minotaur Berserker began the quest for the
                  | Orb.
     0 | D:1      | Reached XP level 1. HP: 19/19 MP: 0/0
     0 | D:1      | magus.rc [v1.9.6]
   160 | D:2      | Noticed Jessica
   164 | D:2      | Killed Jessica
   165 | D:2      | Reached skill level 4 in Fighting
   165 | D:2      | Reached skill level 4 in Axes
   165 | D:2      | Reached XP level 2. HP: 28/28 MP: 1/1
   165 | D:2      | Reached XP level 3. HP: 34/34 MP: 2/2
   401 | D:3      | Identified the orb of Vacuov {*Rage, Int+2}
   539 | D:4      | Reached skill level 5 in Fighting
   539 | D:4      | Reached skill level 5 in Axes
   539 | D:4      | Reached XP level 4. HP: 17/42 MP: 3/3
   578 | D:4      | HP: 2/42 [iguana (12)]
   579 | D:4      | Slain by an iguana

Vanquished Creatures
  A jelly (D:4)
  A hound (D:4)
  Jessica (D:2)
  2 gnolls (D:3)
  An adder (D:3)
  A giant cockroach (D:3)
  A goblin (D:1)
  2 kobolds
  A ball python (D:2)
  2 bats (D:3)
  A frilled lizard (D:1)
  2 rats (D:2)
16 creatures vanquished.

Table legend:
 A = Non-vault XP
 B = Vault XP
 C = Vault XP percentage of total XP
 D = Non-vault monster count
 E = Vault monster count
 F = Vault count percentage of total count
                 A         B        C        D         E       F
            +---------+---------+-------+---------+---------+-------
      Total |     138 |      37 |  21.1 |      15 |       1 |   6.2
            +---------+---------+-------+---------+---------+-------
        D:1 |       3 |       0 |   0.0 |       2 |       0 |   0.0
        D:2 |       5 |      37 |  88.1 |       4 |       1 |  20.0
        D:3 |      45 |       0 |   0.0 |       6 |       0 |   0.0
        D:4 |      85 |       0 |   0.0 |       3 |       0 |   0.0
            +---------+---------+-------+---------+---------+-------

Skill      XL: |  1  2  3 |
---------------+----------+-----
Fighting       | 4 5 |  5.4
Axes           | 4 5 |  5.4
Armour         | |  2.4
Dodging        | |  2.1

Action                     |  1- 3 |  4- 6 || total
---------------------------+-------+-------++-------
  Melee: Hand axe          |    29 |    15 ||    44
         Headbutt          |    10 |     1 ||    11
  Throw: Dart              |     2 |       ||     2
 Invoke: Berserk           |     1 |       ||     1
 Armour: Leather armour    |     3 |       ||     3
         Chain mail        |    19 |    10 ||    29
  Dodge: Dodged            |    13 |     8 ||    21

Illustrated notes

Table legend:
 A = Kills in this place as a percentage of kills in the entire game.
 B = Kills by you in this place as a percentage of kills by you in the entire game.
 C = Kills by friends in this place as a percentage of kills by friends in the entire game.
 D = Other kills in this place as a percentage of other kills in the entire game.
 E = Experience gained in this place as a percentage of experience gained in the entire game.
 F = Experience gained in this place divided by the number of levels of this place that you have seen.
                   A       B       C       D       E      F
               +-------+-------+-------+-------+-------+----------------------
         Total | 100.0 | 100.0 |   N/A |   N/A | 100.0 |  43.8
       Dungeon | 100.0 | 100.0 |   N/A |   N/A | 100.0 |  43.8
               +-------+-------+-------+-------+-------+----------------------

Table legend: (Time is in decaauts)
 A = Elapsed time spent in this place.
 B = Non-inter-level travel time spent in this place.
 C = Inter-level travel time spent in this place.
 D = Time resting spent in this place.
 E = Time spent auto-exploring this place.
 F = Levels seen in this place.
 G = Mean time per level.
                   A        B        C        D        E       F      G
               +--------+--------+--------+--------+--------+-----+--------+
         Total |    596 |    574 |     22 |      0 |    251 |   4 |  149.0 |
       Dungeon |    596 |    574 |     22 |      0 |    251 |   4 |  149.0 |
               +--------+--------+--------+--------+--------+-----+--------+

Top non-repeatable levels by time:
     D:3: 213 daAuts
     D:2: 187 daAuts
     D:1: 144 daAuts
     D:4: 50 daAuts
